 Dungeon Crawl Stone Soup version 0.29-a0-221-gceb61267dd (webtiles) character file.

Game seed: 9393876898570739013

1 GabrielManson the Sneak (level 1, -1/18 HPs)
             Began as a Demonspawn Delver on Feb 26, 2022.
             Slain by an adder (4 damage)
             ... on level 3 of the Dungeon.
             The game lasted 00:03:41 (732 turns).

GabrielManson the Sneak (Demonspawn Delver)          Turns: 732, Time: 00:03:41

Health: -1/18      AC:  3    Str: 12    XL:     1   Next: 16%
Magic:  1/1        EV: 11    Int: 11    God:
Gold:   0          SH:  0    Dex: 14    Spells: 0/0 levels left

rFire   + . .      SeeInvis .     - Unarmed
rCold   + . .      Faith    .   (no shield)
rNeg    . . .      Spirit   .   a - +0 leather armour
rPois   .          Reflect  .   (no helmet)
rElec   .          Harm     .   g - scarf {rC+ rF+}
rCorr   .          Rampage  .   (no gloves)
Will    +....                   (no boots)
Stlth   ++........              (no amulet)
HPRegen 0.06/turn               d - ring of willpower
MPRegen 0.07/turn               (no ring)

@: no status effects
A: no striking features
a: no special abilities


You were on level 3 of the Dungeon.
You visited 1 branch of the dungeon, and saw 3 of its levels.

Inventory:

Hand Weapons
 h - a +0 short sword of protection
Armour
 a - a +0 leather armour (worn)
 e - a +0 ring mail
 g - a scarf of resistance (worn)
Jewellery
 d - a ring of willpower (left hand)
Wands
 f - a wand of digging (3)
Scrolls
 c - a scroll of magic mapping


   Skills:
 + Level 3.0 Fighting
 + Level 1.8 Dodging
 + Level 4.5 Stealth
 * Level 1.8 Unarmed Combat


You couldn't memorise any spells.
You didn't know any spells.
Your spell library was empty.

Dungeon Overview and Level Annotations

Branches:
Dungeon (5/15)             Temple (0/1) D:4

Altars:

Annotations:
D:3 3 runed translucent doors, Ijyb; raistware's ghost, amateur GnWn


Message History

An adder comes into view.
The adder hisses angrily.
The adder closely misses you.
You barely miss the adder. The adder closely misses you.
You closely miss the adder. The adder barely misses you. The adder bites you.
You hit the adder.
The adder is moderately wounded.
The adder misses you.
You barely miss the adder.
The adder is moderately wounded.
The adder bites you but does no damage.
You hit the adder.
The adder is heavily wounded.
The adder bites you.
You are poisoned.
The adder poisons you! The adder barely misses you.
You hit the adder but do no damage.
The adder is heavily wounded.
You feel sick. The adder bites you.
You hit the adder.
The adder is heavily wounded.
You feel sick. The adder bites you.
You miss the adder.
The adder is heavily wounded.
You feel sick. The adder bites you.
You miss the adder.
The adder is heavily wounded.
You feel sick.
You are no longer poisoned.
The adder bites you.
* * * LOW HITPOINT WARNING * * *
The adder barely misses you.
As you read the scroll of fog, it crumbles to dust.
The scroll dissolves into smoke.
The adder misses you. The adder completely misses you.
You miss the adder.
The adder is heavily wounded.
The adder misses you. The adder bites you.
You die...

#######.#.#
#......)..
####.....#.##
#..>........#
#.##.....#..
#.##.....#.#
#.####.###.# ###
#.####.# #.#
...#.@....# #.#
#.#S###### #.#
#.§§§§# #.#
#.#§#§######.#
###...[§§§.....#
#...#§#§########
#.#..§§.#
#.###.###
#.###.#


You could see an adder.

Vanquished Creatures
  A frilled lizard (D:3)
  A kobold (D:3)
2 creatures vanquished.

Notes
Turn   | Place    | Note
-------+----------+-------------------------------------------
     0 | D:5      | GabrielManson the Demonspawn Delver began the quest for the
                  | Orb.
     0 | D:5      | Reached XP level 1. HP: 18/18 MP: 1/1
    45 | D:5      | Noticed an iguana
   100 | D:4      | Found a staircase to the Ecumenical Temple.
   591 | D:3      | Noticed Ijyb
   673 | D:3      | Found a runed translucent gate.
   673 | D:3      | Found a runed translucent gate.
   673 | D:3      | Found a runed translucent gate.
   675 | D:3      | Noticed raistware's ghost (amateur GnWn)
   732 | D:3      | Slain by an adder

Illustrated notes

Levels and vault maps discovered:
D:3:      layout_loops_ring, ebering_ghost_rock_garden, uniq_ijyb
D:4:      layout_rooms, temple_statues, serial_shops, shop, roderic_batcave
D:5:      layout_cave_pools, serial_shops, nicolae_square_shop,
          serial_park_tiny_2, grunt_ministairs_1

Action                   || total
-------------------------++-------
Melee: Unarmed           ||    24
  Use: Scroll            ||     2
       Potion            ||     1
 Stab: Sleeping          ||     2
Armor: Leather armour    ||     4
Dodge: Dodged            ||    19

Table legend: (Time is in decaauts)
 A = Elapsed time spent in this place.
 B = Non-inter-level travel time spent in this place.
 C = Inter-level travel time spent in this place.
 D = Time resting spent in this place.
 E = Time spent auto-exploring this place.
 F = Levels seen in this place.
 G = Mean time per level.
                   A        B        C        D        E       F      G
               +--------+--------+--------+--------+--------+-----+--------+
         Total |    711 |    711 |      0 |    326 |    150 |   3 |  237.0 |
       Dungeon |    711 |    711 |      0 |    326 |    150 |   3 |  237.0 |
               +--------+--------+--------+--------+--------+-----+--------+

Top non-repeatable levels by time:
     D:3: 607 daAuts
     D:5: 69 daAuts
     D:4: 35 daAuts
